 Dungeon Crawl Stone Soup version 0.28-b1-1-g3c77fb2ed1 (webtiles) character file.

Game seed: 3537115558997418123

14 zeram the Sneak (level 2, 0/17 HPs)
             Began as an Octopode Enchanter on Jan 28, 2022.
             Slain by a kobold (5 damage)
             ... on level 1 of the Dungeon.
             The game lasted 00:00:45 (489 turns).

zeram the Sneak (Octopode Enchanter)                 Turns: 489, Time: 00:00:45

Health: 0/17       AC:  1    Str:  7    XL:     2   Next: 45%
Magic:  5/5        EV: 12    Int: 17    God:
Gold:   22         SH:  3    Dex: 12    Spells: 5/5 levels left

rFire   . . .      SeeInvis .   a - +1 dagger
rCold   . . .      Faith    .   f - +0 buckler
rNeg    . . .      Spirit   .   (helmet restricted)
rPois   .          Reflect  .   (no amulet)
rElec   .          Harm     .   (no ring)
rCorr   .          Rampage  .   (no ring)
Will    .....                   (no ring)
Stlth   ++++......              (no ring)
HPRegen 0.05/turn               (no ring)
MPRegen 0.09/turn               (no ring)
                                (no ring)
                                (no ring)

@: no status effects
A: almost no armour, amphibious, 8 rings, camouflage 1, gelatinous body 1,
(nimble swimmer 1), tentacles
a: no special abilities


You were on level 1 of the Dungeon.
You visited 1 branch of the dungeon, and saw 1 of its levels.

You collected 22 gold pieces.

Inventory:

Hand Weapons
 a - a +1 dagger (weapon)
Missiles
 c - 4 poisoned darts (quivered)
Armour
 f - a +0 buckler (worn)
Scrolls
 d - a scroll of teleportation {unknown}
Potions
 b - a potion of invisibility
 e - a potion of lignification {unknown}


   Skills:
 + Level 1.0 Short Blades
 + Level 2.0 Dodging
 + Level 4.7 Stealth
 * Level 0.4 Shields
 + Level 2.0 Spellcasting
 + Level 3.1 Hexes


You had 5 spell levels left.
You didn't know any spells.
Your spell library contained the following spells:

 Spells                   Type           Power      Damage    Failure   Level
 Ensorcelled Hibernation  Hex/Ice        14%        N/A       22%         2
 Confusing Touch          Hex            12%        N/A       22%         3
 Tukima's Dance           Hex            12%        N/A       22%         3
 Dazzling Flash           Conj/Hex       14%        N/A       38%         3


Dungeon Overview and Level Annotations

Branches:
Dungeon (1/15)

Altars:


Innate Abilities, Weirdness & Mutations

You cannot wear most types of armour.
You are amphibious.
You can wear up to eight rings at the same time.
Your skin changes colour to match your surroundings (Stealth+).
Your rubbery body absorbs attacks. (AC +1, EV +1)
((You are camouflaged when in or above water. (Stealth+)))
You have tentacles for arms and can constrict up to eight enemies at once.


Message History

The endoplasm freezes you.
You are frozen.
You hit the endoplasm but do no damage. You squeeze the endoplasm.
The endoplasm is almost dead.
The endoplasm hits you.
You hit the endoplasm but do no damage.
The endoplasm is almost dead.
The endoplasm hits you.
You hit the endoplasm.
You kill the endoplasm!
The bat barely misses you. You block the bat's attack.
You hit the bat. Your grab misses the bat.
The bat is moderately wounded.
You block the bat's attack. You block the bat's attack.
A goblin comes into view. It is wielding a +0 club.
The goblin shouts!
The bat completely misses you. The bat barely misses you.
The bat barely misses you.
You hit the bat but do no damage. You grab the bat.
The bat is moderately wounded.
You constrict the bat. The bat hits you but does no damage.
The bat struggles to escape constriction.
The bat escapes!
The kobold hits you with a +0 short sword.
The goblin misses you.
You hit the bat.
You kill the bat!
The kobold hits you with a +0 short sword.
* * * LOW HITPOINT WARNING * * *
The goblin barely misses you.
You are too injured to fight recklessly!
You are too injured to fight recklessly!
You are too injured to fight recklessly!
Unknown command.
You closely miss the goblin. You grab the goblin. You constrict the goblin.
The kobold hits you with a +0 short sword.
You die...

#.............
##.....###.#
#..##.#
###.###.#
#...|...#
#.......#
#......(# #
#.......##....
#.....@g..#
#...$K..#.#
#.......#.#
#######.# # ..
##. . #


You could see a goblin and a kobold.

Vanquished Creatures
  6 ball pythons (D:1)
  2 endoplasms (D:1)
  2 quokkas (D:1)
  2 bats (D:1)
  A frilled lizard (D:1)
  A goblin (D:1)
  A rat (D:1)
15 creatures vanquished.

Vanquished Creatures (others)
  A plant (D:1)
1 creature vanquished.

Grand Total: 16 creatures vanquished

Notes
Turn   | Place    | Note
-------+----------+-------------------------------------------
     0 | D:1      | zeram the Octopode Enchanter began the quest for the Orb.
     0 | D:1      | Reached XP level 1. HP: 11/11 MP: 3/3
   114 | D:1      | Reached XP level 2. HP: 13/17 MP: 5/5
   489 | D:1      | Slain by a kobold

Illustrated notes

Levels and vault maps discovered:
D:1:      heliophobic_arrival_ceremonial_halls, layout_basic, serial_shops,
          nicolae_shop_statue_plus, hellmonk_ecumenical_altar_blasted,
          minmay_shallow_snake_nest

Action                   || total
-------------------------++-------
Melee: Dagger            ||    32
       Constrict         ||     9
       Tentacles         ||     9
 Stab: Sleeping          ||     3
Armor: Skin              ||     2
Dodge: Dodged            ||    22
Block: Buckler           ||     4
